 Dungeon Crawl Stone Soup version 0.20.1-1-g8b1a95d (webtiles) character file.

555 schauveau the Carver (level 7, 0/87 HPs)
             Began as a Minotaur Berserker on Dec 3, 2017.
             Was a Priest of Trog.
             Slain by a gnoll
             ... wielding a +0 halberd
              (3 damage)
             ... on level 4 of the Dungeon.
             The game lasted 00:05:22 (2315 turns).

schauveau the Carver (Minotaur Berserker)           Turns: 2315, Time: 00:05:24

Health: 0/87       AC: 11    Str: 28    XL:     7   Next: 8%
Magic:  6/6        EV: 11    Int:  4    God:    Trog [***...]
Gold:   188        SH:  0    Dex: 13    Spells: 6/6 levels left

rFire    x . .     SeeInvis .   a - +0 falchion
rCold    + + +     Gourm    .   (no shield)
rNeg     . . .     Faith    .   j - +0 ice dragon scales
rPois    .         Spirit   .   (helmet restricted)
rElec    .         Reflect  .   (no cloak)
rCorr    .         Harm     .   (no gloves)
MR       ++...                  r - +0 pair of boots
Stlth    ..........             (no amulet)
Regen    1.3/turn               h - ring of protection from cold
MPRegen  0.1/turn               o - +3 ring of dexterity

@: berserking, lethally poisoned (0 -> -11), flying, regenerating, very quick
A: retaliatory headbutt, horns 2
a: Berserk, Trog's Hand, Burn Spellbooks, Renounce Religion


You were on level 4 of the Dungeon.
You worshipped Trog.
Trog was most pleased with you.
You were near starving.

You visited 1 branch of the dungeon, and saw 5 of its levels.

You collected 188 gold pieces.

Inventory:

Hand Weapons
 a - a +0 falchion (weapon)
Missiles
 m - 2 tomahawks (quivered)
Armour
 b - a +0 animal skin
 d - a +0 chain mail
 j - +0 ice dragon scales (worn)
 r - a +0 pair of boots (worn)
Jewellery
 h - a ring of protection from cold (left hand)
 o - a +3 ring of dexterity (right hand)
 q - a +6 ring of intelligence
 v - an uncursed ring of magical power {unknown}
Scrolls
 f - 2 scrolls of enchant weapon {unknown}
 g - 3 scrolls of identify {unknown}
 k - 3 scrolls of remove curse {unknown}
 p - 4 scrolls of teleportation {unknown}
 t - a scroll of amnesia {unknown}
Potions
 e - a potion of brilliance {unknown}
 i - a potion of mutation {unknown}
 l - a potion of flight
 s - a potion of resistance {unknown}
 u - a potion of curing {unknown}
Comestibles
 c - 7 bread rations
 n - 3 royal jellies


   Skills:
 - Level 3.7 Fighting
 * Level 9.7 Long Blades
 - Level 2.4 Armour
 - Level 2.1 Dodging


You had 6 spell levels left.
You didn't know any spells.

Dungeon Overview and Level Annotations

Branches:
Dungeon (5/15)
 Temple: D:4-7

Altars:


Innate Abilities, Weirdness & Mutations

You reflexively headbutt those who attack you in melee.
You have a pair of horns on your head.


Message History

You are lethally poisoned!
You hit the gnoll sergeant but do no damage.
The gnoll sergeant is severely wounded.
* * * LOW HITPOINT WARNING * * *
You feel sick. The gnoll closely misses you.
You completely miss the gnoll sergeant.
Your headbutt misses the gnoll sergeant.
The gnoll sergeant is severely wounded.
* * * LOW HITPOINT WARNING * * *
You feel sick.
The gnoll sergeant hits you but does no damage.
You are more poisoned.
You slash the gnoll sergeant!
You kill the gnoll sergeant!
Trog accepts your kill.
You have reached level 7!
* * * LOW HITPOINT WARNING * * *
You feel sick.
The gnoll hits you from afar with a halberd.
You die...

#..... #.##.# #.##.#
#.##.# ...####.##.##
##### ........#...##
#...#
.#######.....###.#.#
######.......##.#.#
#.@))...........#.#
#)####.......####.#
..g ........#####..
...#.
#####...##......
#.##.#. ######.#####
# # #. #.#
..###########.#
........<.....#
##############


You could see a gnoll.

Vanquished Creatures
  Grinder (D:3)
  A gnoll sergeant (D:4)
  A crimson imp (D:5)
  2 hounds
  Robin (D:2)
  6 adders
  4 gnolls (D:4)
  An adder zombie (D:5)
  2 worms (D:2)
  4 dart slugs
  A leopard gecko (D:2)
  6 orcs (D:3)
  8 bats
  5 giant cockroaches
  14 goblins
  10 hobgoblins
  2 quokkas (D:2)
  A frilled lizard (D:1)
  7 kobolds
  5 rats
82 creatures vanquished.

Notes
Turn   | Place    | Note
-------+----------+-------------------------------------------
     0 | D:1      | schauveau the Minotaur Berserker began the quest for the Orb.
     0 | D:1      | Reached XP level 1. HP: 19/19 MP: 0/0
   196 | D:1      | Reached skill level 4 in Long Blades
   199 | D:1      | Reached XP level 2. HP: 24/27 MP: 1/1
   699 | D:2      | Reached skill level 5 in Long Blades
   715 | D:2      | Reached XP level 3. HP: 29/33 MP: 2/2
   771 | D:2      | Noticed Robin
   781 | D:2      | Reached XP level 4. HP: 18/40 MP: 3/3
   782 | D:2      | Reached ** piety under Trog
   782 | D:2      | Reached skill level 6 in Long Blades
   786 | D:2      | Killed Robin
  1526 | D:3      | Noticed Grinder
  1538 | D:3      | Paralysed by Grinder for 4 turns
  1547 | D:3      | Killed Grinder
  1547 | D:3      | Reached skill level 8 in Long Blades
  1547 | D:3      | Reached XP level 5. HP: 19/46 MP: 4/4
  1547 | D:3      | Reached XP level 6. HP: 22/52 MP: 5/5
  1840 | D:3      | Reached *** piety under Trog
  2083 | D:5      | Entered Level 5 of the Dungeon
  2150 | D:5      | Reached skill level 9 in Long Blades
  2315 | D:4      | Reached XP level 7. HP: 4/58 MP: 6/6
  2315 | D:4      | HP: 3/87 [poisoned by a gnoll sergeant]
  2315 | D:4      | Slain by a gnoll

Skill      XL: |  1  2  3  4  5  6 |
---------------+-------------------+-----
Long Blades    | 4 5 8 9 |  9.7
Fighting       | |  3.7
Armour         | |  2.4
Dodging        | |  2.1

Action                   |  1- 3 |  4- 6 |  7- 9 || total
-------------------------+-------+-------+-------++-------
Melee: Falchion          |    63 |   125 |       ||   188
       Headbutt          |     5 |    30 |       ||    35
Invok: Berserk           |     1 |     1 |       ||     2
       Trog's Hand       |       |     1 |       ||     1
  Use: Potion            |       |     1 |       ||     1
  Eat: Chunk             |       |     5 |       ||     5
Armor: Chain mail        |    45 |     8 |       ||    53
       Ice dragon scales |       |    64 |       ||    64
Dodge: Dodged            |    43 |    84 |       ||   127
       Rpst.: Falchion   |     9 |    20 |       ||    29
